 Dungeon Crawl Stone Soup version 0.26.0-7-g794d0892b4 (webtiles) character file.

Game seed: 6218455114862282938

30 jackrogers the Chopper (level 3, -1/29 HPs)
             Began as a Draconian Gladiator on Jan 11, 2021.
             Slain by Sigmund
             ... wielding a +0 scythe
              (9 damage)
             ... on level 2 of the Dungeon.
             The game lasted 00:01:03 (1182 turns).

jackrogers the Chopper (Draconian Gladiator)        Turns: 1182, Time: 00:01:04

Health: -1/29      AC:  5    Str: 17    XL:     3   Next: 5%
Magic:  3/3        EV: 13    Int:  8    God:
Gold:   76         SH:  0    Dex: 12    Spells: 2/2 levels left

rFire    . . .     SeeInvis .   a - +0 war axe
rCold    . . .     Faith    .   (no shield)
rNeg     . . .     Spirit   .   (armour unavailable)
rPois    .         Reflect  .   b - +0 hat
rElec    .         Harm     .   (no cloak)
rCorr    .         Rampage  .   (no gloves)
Will     .....                  (no boots)
Stlth    +.........             (no amulet)
HPRegen  0.09/turn              (no ring)
MPRegen  0.08/turn              (no ring)

@: hasted, very quick
A: unfitting armour, cold-blooded, AC +5
a: no special abilities


You were on level 2 of the Dungeon.
You visited 1 branch of the dungeon, and saw 2 of its levels.

You collected 76 gold pieces.

Inventory:

Hand Weapons
 a - a +0 war axe (weapon)
Missiles
 c - 3 throwing nets {=f, !d}
Armour
 b - a +0 hat (worn)
 f - a +0 robe
   (You found it on level 1 of the Dungeon)
Scrolls
 d - a scroll of remove curse {unknown}
 g - a scroll of identify {unknown}
 l - a scroll of magic mapping {unknown}
 m - a scroll of noise {unknown}
Potions
 e - a potion of ambrosia {unknown}
 h - a potion of berserk rage {unknown}
 i - 2 potions of haste
 j - a potion of mutation {unknown}
 k - a potion of curing {unknown}


   Skills:
 - Level 2.1 Fighting
 + Level 4.2 Axes
 - Level 1.7 Throwing
 - Level 2.6 Dodging


You had 2 spell levels left.
You didn't know any spells.
Your spell library was empty.

Dungeon Overview and Level Annotations

Branches:
Dungeon (2/15)

Altars:

Annotations:
D:2 Sigmund


Innate Abilities, Weirdness & Mutations

Your plain brown scales are hard. (AC +5)
You cannot fit into any form of body armour.
You are cold-blooded and may be slowed by cold attacks.


Message History

The hobgoblin closely misses you. The hobgoblin barely misses you.
You see here 2 red potions.
You hit the hobgoblin.
You kill the hobgoblin!
You see here a hobgoblin corpse.
You start resting.
i - 3 red potions (gained 2)
You enter the shallow water.
Moving in this stuff is going to be slow.
Done exploring.
Done exploring.
Done exploring.
Done exploring.
(D) Dungeon
Where to? (? - help)
You open the door.
There is an open door here.
There is a stone staircase leading down here.
You climb downwards.
There is a stone staircase leading up here.
A goblin comes into view. It is wielding a +0 club.
The goblin shouts!
The goblin unwields a +0 club.
The goblin wields a cursed -3 hunting sling.
The goblin shoots a stone.
The stone closely misses you.
You see here a stone.
A goblin is nearby!
A goblin is nearby!
You see here 16 gold pieces.
The goblin shoots a stone.
The stone barely misses you.
The goblin shoots a stone.
The stone hits you but does no damage.
You see here a stone.
The goblin closely misses you.
You closely miss the goblin.
The goblin hits you with a cursed -3 hunting sling.
You slash the goblin!
You kill the goblin!
No target in view!
No target in view!
Items here: ( )) †.
You see here a stone.
A goblin comes into view. It is wielding a +0 dagger of speed.
The goblin shouts!
The goblin moves out of view.
You see here 16 gold pieces.
A goblin is nearby!
A goblin is nearby!
A goblin is nearby!
A goblin is nearby!
The goblin hits you with a +0 dagger of speed.
You closely miss the goblin. The goblin barely misses you.
You slash the goblin!
You kill the goblin!
No target in view!
No target in view!
You now have 76 gold pieces (gained 16).
m - a scroll labelled CIHODWATZI A hobgoblin comes into view.
It is wielding a +0 club.
A hobgoblin comes into view.
There are monsters nearby!
There are monsters nearby!
There are monsters nearby!
The hobgoblin shouts!
The hobgoblin hits you with a +0 club.
You slash the hobgoblin!
You kill the hobgoblin!
You have reached level 3!
Your experience leads to an increase in your attributes!
Increase (s)trength, (i)ntelligence, or (d)exterity?
You feel stronger.
Your scales feel tougher.
You hit the hobgoblin but do no damage. The hobgoblin closely misses you.
You closely miss the hobgoblin. The hobgoblin barely misses you.
The hobgoblin closely misses you.
You hit the hobgoblin. The hobgoblin hits you.
You hit the hobgoblin.
You kill the hobgoblin!
No target in view!
No target in view!
You start resting.
Sigmund the Dreaded comes into view.
He is wielding a +0 scythe.
Sigmund shouts!
Spoiler Alert: Sigmund can cast Slow, Confuse, Throw Flame, and go Invisible!
Sigmund is nearby!
It was a potion of haste.
You feel yourself speed up. Sigmund casts a spell at you.
You resist with significant effort.
Sigmund drinks a potion.
Sigmund flickers and vanishes!
Deactivating autopickup; reactivate with Ctrl-A.
You closely miss something. Something hits you.
You miss something. You barely miss something.
Your tail-slap misses something.
Something hits you!
You barely miss something. Something hits you!
* * * LOW HITPOINT WARNING * * *
You hit something.
Your tail-slap misses something.
You hit something. Something hits you but does no damage.
You barely miss something. You closely miss something. Something hits you!
You die...

###...### ...
###...###.#
###.....#
###########†###
......^.###.# ###
#######.....#
....##########.).#
#......#.......#
#..{@...#######
#.....### #######


There were no monsters in sight!

Vanquished Creatures
  An ooze (D:1)
  A dart slug (D:1)
  2 ball pythons (D:1)
  3 giant cockroaches (D:1)
  4 goblins
  5 hobgoblins
  A kobold (D:1)
  A frilled lizard (D:1)
  2 rats (D:1)
20 creatures vanquished.

Vanquished Creatures (others)
  3 plants (D:1)
3 creatures vanquished.

Grand Total: 23 creatures vanquished

Notes
Turn   | Place    | Note
-------+----------+-------------------------------------------
     0 | D:1      | jackrogers the Draconian Gladiator began the quest for the
                  | Orb.
     0 | D:1      | Reached XP level 1. HP: 17/17 MP: 1/1
   479 | D:1      | Reached XP level 2. HP: 24/24 MP: 2/2
   722 | D:1      | Reached skill level 4 in Axes
  1107 | D:2      | Reached XP level 3. HP: 25/29 MP: 3/3
  1169 | D:2      | Noticed Sigmund
  1182 | D:2      | Slain by Sigmund

Illustrated notes

Levels and vault maps discovered:
D:1:      wander_arrival_estate, layout_basic, hangedman_decor_diamond_cutter,
          serial_bayou_lagoon_a, grunt_decor_mini_mirrors,
          roderic_roman_lattice, minivault_4
D:2:      layout_rooms, nicolae_qazlal_eye_of_the_storm,
          nicolae_overflow_hidden_temple,
          chequers_ecumenical_altar_simple_redux, uniq_terence, uniq_sigmund,
          uniq_natasha, uniq_robin

Skill      XL: |  1  2 |
---------------+-------+-----
Axes           | 4 |  4.2
Fighting       | |  2.1
Throwing       | |  1.7
Dodging        | |  2.6

Action                   || total
-------------------------++-------
Melee: War axe           ||    65
       Tailslap          ||     4
  Use: Potion            ||     1
 Stab: Sleeping          ||     2
Armor: Skin              ||    19
Dodge: Dodged            ||    37

Table legend: (Time is in decaauts)
 A = Elapsed time spent in this place.
 B = Non-inter-level travel time spent in this place.
 C = Inter-level travel time spent in this place.
 D = Time resting spent in this place.
 E = Time spent auto-exploring this place.
 F = Levels seen in this place.
 G = Mean time per level.
                   A        B        C        D        E       F      G
               +--------+--------+--------+--------+--------+-----+--------+
         Total |   1204 |   1184 |     20 |    348 |    681 |   2 |  602.0 |
       Dungeon |   1204 |   1184 |     20 |    348 |    681 |   2 |  602.0 |
               +--------+--------+--------+--------+--------+-----+--------+

Top non-repeatable levels by time:
     D:1: 1012 daAuts
     D:2: 191 daAuts

Table legend:
 A = Kills in this place as a percentage of kills in entire the game.
 B = Kills by you in this place as a percentage of kills by you in the entire game.
 C = Kills by friends in this place as a percentage of kills by friends in the entire game.
 D = Other kills in this place as a percentage of other kills in the entire game.
 E = Experience gained in this place as a percentage of experience gained in the entire game.
 F = Experience gained in this place divided by the number of levels of this place that you have seen.
                   A       B       C       D       E      F
               +-------+-------+-------+-------+-------+----------------------
         Total | 100.0 | 100.0 |   N/A |   N/A | 100.0 |  22.0
       Dungeon | 100.0 | 100.0 |   N/A |   N/A | 100.0 |  22.0
               +-------+-------+-------+-------+-------+----------------------
